Unix NetHack Version 5.0.0-0 post-release - last build Jul 19 2026 19:10:59 (3aa4ab31751d3886436d94b585a96704892fd477,branch:main).

Game began 2026-07-23 01:27:24, ended 2026-07-23 01:59:00.

Jinnora, neutral female human Tourist

                --------
 -----      ##  +.......###                                         ----------
 |.`..#######   |>%....|  #########            ---------           #.......[.|
 |...|     #####%......-##        ##           |.......|          ##|........|
 |{..|          ---.---- #                     +.......|         ###+........|
 |..<|             #     ####             ###  |.......|         ## |.d......|
 --.--             #     #  ##########%#######e@Z......|         ## ---.------
   #               #     #               ##    |d.^....|       ####    ##
   #             ###     #               #     --.------       ####     #
   #             #       #               #       #  ##############     ####
   #         ----.------ ##              #       #########  #####      -.---.-
  -.----     |.........|  #           ####       ######     #          |^....|
  |....|     |.........|  #           #         ##    ###   #          |.....|
  |....|#####...........#########################   ----.--##          |.....|
  |.....#    |.........|  #        #                |...)..##          |.....|
  |....|     ---+-------  #  ------#                |...F.|#           |.....|
  ------                  #  |...{|#                |.....|#           -------
                          ###-....-#                |....>-#
                             ------                 -------

Jinnora the Sightseer       St:12 Dx:12 Co:15 In:15 Wi:9 Ch:16  Neutral
Dlvl:2  $:80 HP:0(38) Pw:21(21) AC:10 Xp:5/220 T:3866  Fainting Burdened

Latest messages:
 You are beginning to feel hungry.
 You have a little trouble lifting R - a blue gem.
 r - 2 orange gems.
 p - 3 violet gems.
 P - a yellow gem.
 V - a yellowish brown gem.
 What do you want to use or apply? [aklsxHTU or ?*] s
 You put a blue gem into the bag.
 You put 2 orange gems into the bag.
 You put 3 violet gems into the bag.
 You put a yellow gem into the bag.
 You put a yellowish brown gem into the bag.
 What do you want to use or apply? [aklsxHTU or ?*] s
 You put 3 candles into the bag.
 Are you sure you want to pray? [yn] (n) y
 You begin praying to The Lady.
 You finish your prayer.
 The voice of The Lady thunders: "Thou hast angered me."
 A black glow surrounds you.
 You feel a malignant aura surround you.
 You hit the floating eye.
 You are frozen by the floating eye's gaze!
 You are beginning to feel weak.
 You hear bubbling water.
 You can move again.
 You hit the floating eye.
 You are frozen by the floating eye's gaze!
 The coyote bites!
 The coyote bites!
 The coyote bites!
 The coyote bites!
 The coyote bites!
 The coyote bites!
 The coyote bites!
 The coyote bites!
 The coyote bites!
 The coyote bites!
 The coyote bites!
 The coyote bites!
 The coyote bites!
 The coyote bites!
 The coyote bites!
 The coyote bites!
 The coyote bites!
 The coyote bites!
 The gnome zombie hits!
 The coyote bites!
 The coyote bites!
 You die...
 Do you want your possessions identified? [ynq] (y) q

Inventory:
 Coins    ('$')
  $ - 80 gold pieces
 Amulets  ('"')
  G - an uncursed amulet of life saving
 Weapons  (')')
  C - 38 uncursed +2 darts
  S - an uncursed rusty +0 dart
  u - 7 cursed -2 darts
  X - an uncursed +0 dagger
  a - an uncursed +0 dwarvish mattock
 Armor    ('[')
  j - an uncursed +0 Hawaiian shirt with a ukulele motif
 Comestibles  ('%')
  b - 5 uncursed food rations
  e - an uncursed tripe ration
 Scrolls  ('?')
  v - an uncursed scroll of amnesia
  I - an uncursed scroll of enchant weapon
  i - a blessed scroll of magic mapping
  h - 4 uncursed scrolls of magic mapping
 Potions  ('!')
  q - an uncursed potion of gain energy
 Wands    ('/')
  H - an uncursed wand of undead turning (0:4)
 Tools    ('(')
  s - a cursed sack containing 18 items
  U - a cursed blindfold
  T - an uncursed brass lantern
  l - an uncursed credit card
  k - an uncursed expensive camera (0:99)

Contents of the sack:
  6 uncursed +0 daggers
  4 blessed +0 daggers
  a cursed -1 dagger
  a blessed +2 dwarvish iron helm
  an uncursed +0 orcish helm
  a blessed +1 pair of iron shoes
  a blessed +0 pair of speed boots
  an uncursed +0 shield of drain resistance
  a blessed +1 dwarvish cloak
  an uncursed +0 dwarvish cloak
  an uncursed +0 dwarvish mithril-coat
  an uncursed tin of jackal meat
  3 uncursed tallow candles
  an uncursed worthless piece of blue glass
  2 uncursed worthless pieces of orange glass
  3 uncursed worthless pieces of violet glass
  a cursed worthless piece of yellow glass
  a cursed worthless piece of yellowish brown glass

Jinnora the Tourist's attributes:

Background:
 You were a Sightseer, a level 5 female human Tourist.
 You were neutral, on a mission for The Lady
 who was opposed by Blind Io (lawful) and Offler (chaotic).
 You were right-handed.
 You were in the Dungeons of Doom, on level 2.
 You entered the dungeon 3866 turns ago.
 It was nighttime.
 You had 220 experience points, 100 more were needed to attain level 6.

Basics:
 You had 0 out of 38 hit points.
 You had all 21 energy points (spell power).
 Your armor class was 10.
 Your wallet contained 80 zorkmids.
 Autopickup was off.

Final Characteristics:
 Your strength was 12 (base:13, limit:18/100).
 Your dexterity was 12 (limit:18).
 Your constitution was 15 (limit:18).
 Your intelligence was 15 (limit:18).
 Your wisdom was 9 (peak:10, limit:18).
 Your charisma was 16 (limit:18).

Final Status:
 You were fainting due to starvation.
 You were burdened; movement was slightly slowed.
 You were bare handed.
 You were unskilled in bare handed combat.
 You weren't wearing any armor.

Final Attributes:
 You were piously aligned.
 You were level-drain resistant.
 You were a wererat.
 You were harmed by silver.
 You were unlucky.
 The Lady was angry with you.
 You are dead.

Miscellaneous:
 You didn't encounter any bones levels.
 Total elapsed playing time was 31 minutes and 36 seconds.

Major events:
 Turn
    1: Jinnora the neutral female human Tourist entered the dungeon
  589: entered the Gnomish Mines
  614: attained the rank of Sightseer (level 3)
 3866: killed by a coyote, while frozen by a floating eye's gaze

You didn't know any spells.

Skills:
 Fighting Skills
   bare handed combat [Unskilled]
   two weapon combat  [Unskilled]
   riding             [Unskilled]
 Weapon Skills
   dagger             [Unskilled]
   knife              [Unskilled]
   axe                [Unskilled]
   pick-axe           [Basic]
   short sword        [Unskilled]
   broadsword         [Unskilled]
   long sword         [Unskilled]
   two-handed sword   [Unskilled]
   saber              [Unskilled]
   mace               [Unskilled]
   morning star       [Unskilled]
   flail              [Unskilled]
   hammer             [Unskilled]
   quarterstaff       [Unskilled]
   polearms           [Unskilled]
   spear              [Unskilled]
   trident            [Unskilled]
   lance              [Unskilled]
   bow                [Unskilled]
   sling              [Unskilled]
   crossbow           [Unskilled]
   dart               [Basic]
   shuriken           [Unskilled]
   boomerang          [Unskilled]
   whip               [Unskilled]
   unicorn horn       [Unskilled]
 Spellcasting Skills
   divination spells  [Unskilled]
   enchantment spells [Unskilled]
   escape spells      [Unskilled]

Voluntary challenges:
 Character rerolling was not enabled.
 You never genocided any monsters.
 You never polymorphed an object.
 You used no wishes.
Achievements:
 You entered the Gnomish Mines.
 You attained the rank of Sightseer.

 The Dungeons of Doom: levels 1 to 4
    Level 1:
       A fountain.
    Level 2: <- You were here.
       Some fountains.
       Stairs down to The Gnomish Mines.
       Final resting place for
          you, killed by a coyote, while frozen by a floating eye's gaze.
    Level 3:
       A fountain.
    Level 4:
 The Gnomish Mines: levels 3 to 4
    Level 3:
    Level 4:


Vanquished creatures:
  a gnome leader
  2 elf zombies
  a straw golem
  a little dog
  a floating eye
  3 dwarves
  a homunculus
  a kobold leader
  3 rothes
  a monkey
  2 wererats
 an iguana
  a hobbit
  a hobgoblin
  2 giant rats
  a brown mold
  2 yellow molds
 13 gnomes
  2 gnome zombies
  2 geckos
  5 jackals
  a fox
  3 goblins
  7 grid bugs
  a bat
  6 lichens
 12 newts
77 creatures vanquished.

No species were genocided or became extinct.

Game over:
                       ----------
                      /          \
                     /    REST    \
                    /      IN      \
                   /     PEACE      \
                  /                  \
                  |     Jinnora      |
                  |      80 Au       |
                  |   killed by a    |
                  |      coyote      |
                  |                  |
                  |                  |
                  |       2026       |
                 *|     *  *  *      | *
        _________)/\\_//(\/(/\)/\//\/|_)_______

Aloha Jinnora the Tourist...

You died in The Dungeons of Doom on dungeon level 2 with 1583 points,
and 80 pieces of gold, after 3866 moves.
You were level 5 with a maximum of 38 hit points when you died.

